 BcadrenCrawl: Boulder Brew version 0.03.3.1 (webtiles) character file.

Game seed: 2037342390350522179, levelgen mode: deterministic

21389 Chiseanne the Fighter (level 12, -8/126 HPs) Troll Demonspawn. Began on Mar 12, 2021. Was an Elder of Uskayaw. Shot with a boulder by a cyclops (31 damage) ... on level 7 of the Dungeon. The game lasted 00:29:44 (6794 turns).

Chiseanne the Fighter (Troll Demonspawn)            Turns: 6794, Time: 00:29:45

Health: -8/126     AC: 30    Str: 25    XL:     12 ^: 7477
Magic:  10/12      EV: 15    Int:  8    God:    Uskayaw [4* [108]]
Gold:   311        SH: 12    Dex: 20    Spells: 12/13 levels left

rFire    + . .     Vision   .   a - +4 war axe (molten)
rCold    . . .     Gourm    +   J - +3 heater shield {rF+}
rNeg     . . .     Faith    .   C - +1 acid dragon scales
rPois    .         Spirit   .   (helmet restricted)
rElec    +         Reflect  .   (no cloak)
rCorr    +         Harm     .   (gloves unavailable)
MR       .....                  (boots unavailable)
Stlth    +.........             (no amulet)
HPRegen  0.92/turn              k - ring of protection
MPRegen  0.22/turn              p - ring "Ygoema" {*Drain rElec rC- Dex+7 Stlth-}

@: studying Fighting
A: large, unfitting armour, claws 3, talons 2, icy blue scales 2, cold
resistance 1, fast metabolism 3, foul stench 1, gourmand, icemail, regeneration
1, shaggy fur 1, tough skin 3, wild magic 1, rot immunity, freezing cloud
immunity
a: Stomp, Line Pass, Renounce Religion


You were on level 7 of the Dungeon.
You worshipped Uskayaw.
Uskayaw was noncommittal.
You were completely stuffed.

You visited 2 branches of the dungeon, and saw 8 of its levels.

You collected 485 gold pieces.
You spent 174 gold pieces at shops.

Inventory:

Weapons
 a - a +4 war axe of molten steel (weapon)
 n - a +0 ogreish kris of electrocution Shields
 J - a +3 heater shield of fire resistance (shield)
Armour
 b - a +0 troll leather
 C - +1 acid dragon scales (worn)
Magical Staves
 I - a +7 reaver's staff of transmutation
Jewellery
 h - an uncursed ring of fire
 i - an uncursed amulet of faith
 k - a ring of protection (left claw)
 m - an uncursed ring of positive energy
 p - the ring "Ygoema" (right claw) {*Drain rElec rC- Dex+7 Stlth-}
   (You took it off an orc wizard on level 3 of the Dungeon)

   [ring of attention]

   It affects your dexterity (+7).
   It makes you vulnerable to cold.
   It insulates you from electricity.
   It causes draining when unequipped.
   It makes you less stealthy.
 x - an uncursed ring of protection from magic
 y - an uncursed ring of protection from magic
 A - an uncursed ring of intelligence
 B - an uncursed ring of resist corrosion
 K - an uncursed amulet of rage
Wands
 q - a wand of flame (33)
 s - a wand of enslavement (1)
 u - a wand of disintegration (13)
 w - a wand of acid (11)
 H - a wand of polymorph (15)
Scrolls
 c - a scroll of fear
 g - 8 scrolls of teleportation
 o - 2 scrolls of amnesia
 t - 3 scrolls of blinking
 v - 2 scrolls of immolation
 z - a scroll of summoning
 F - a scroll of magic mapping
 G - a scroll of holy word
Potions
 e - 5 potions of mutation
 f - 2 potions of might
 j - 4 potions of curing
 l - 2 potions of haste
 r - a potion of berserk rage
 E - a potion of magic
Comestibles
 d - 18 rations
 D - a chunk of flesh


   Skills:
 * Level 10.2 Fighting
 - Level 1.5 Axes & Hammers
 * Level 4.3 Armour
 - Level 9.7 Dodging
 - Level 1.0 Stealth
 * Level 3.5 Shields
 * Level 7.9 Unarmed Combat
 - Level 1.0 Spellcasting
 - Level 1.3 Fire Magic
 - Level 2.4 Invocations


You had 12 spell levels left.
You knew the following spells:

 Your Spells              Type           Power        Failure   Level  Hunger
a - Flame Tongue          Fire           3 (30)       71%         1    ##.....

Your spell library contained the following spells:

 Spells                   Type           Power        Failure   Level  Hunger
 Blink                    Tloc           N/A          95%         2    ###....
 Call Imp                 Summ           0 (100)      95%         2    ###....
 Passwall                 Tmut/Erth      0 (120)      95%         2    ###....
 Slow                     Hex            0 (100)      95%         2    ###....
 Swiftness                Chrm/Air       0 (100)      95%         2    ###....
 Conjure Flame            Fire           3 (100)      96%         3    ####...
 Mephitic Cloud           Pois/Air       0 (100)      99%         3    ####...
 Passage of Golubria      Tloc           N/A          100%        4    #####..
 Lee's Rapid Deconstruct  Erth           0 (200)      100%        5    ######.
 Methodical Deconstructi  Erth           0 (200)      100%        5    ######.
 Darkness                 Hex            0 (200)      100%        6    #######
 Invisibility             Chrm           0 (100)      100%        6    #######


Dungeon Overview and Level Annotations

Branches:
Dungeon (7/8)              Temple (1/1) D:4            Lair (0/6) D:5
    Orc (0/2) D:6
 Vaults: D:7

Altars:
Ashenzari
Cheibriados
Dithmenos
Elyvilon
Fedhas Madash
Gozag Ym Sagoz
Hepliaklqana
Kikubaaqudgha
Makhleb
Nemelex Xobeh
Okawaru
Qazlal
Sif Muna
Trog
Uskayaw
Vehumet
Wu Jian
Xom
Zin
The Shining One

Shops:
D:3 :   D:6 [(

Annotations:
D:3 1 runed translucent door, Nebesus's ghost, novice DrDg
D:6 2 transporters, Nebesus's ghost, journeyman DrDg


Innate Abilities, Weirdness & Mutations

You are too large for most types of armour.
You have claws for hands. (+6 Unarmed)
You have razor-sharp toenails.
You are mostly covered in icy blue scales. (AC +3)
You are cold resistant. (rC+)
Your metabolism is lightning-fast.
You may emit foul miasma when damaged in melee.
You like to eat raw meat.
A meltable icy envelope protects you from harm. (AC +10)
Your natural rate of healing is unusually fast.
You are covered in fur. (AC +1)
You have extremely tough skin. (AC +3)
You are immune to rotting.
You are immune to freezing clouds.
Your spells are a little harder to cast, but a little more powerful.


Message History

The five-headed hydra bites you but does no damage. x3
The five-headed hydra closely misses you (0).
The cyclops unwields a +1 mangonel of freezing.
The cyclops hits you but does no damage.
The cyclops looks sick.
The five-headed hydra bites you (16)!
* * * LOW HITPOINT WARNING * * *
You block the five-headed hydra's attack.
The five-headed hydra bites you but does no damage. x2
You block the five-headed hydra's attack.
Uskayaw will force your foes to share their pain.
You hit the five-headed hydra (6). You burn the five-headed hydra (5).
You kill the five-headed hydra!
You hit the cyclops (5). You burn the cyclops (5).
You kill the cyclops!
The cyclops is no longer sharing its pain. x2
The cyclops is no longer sharing its pain.
The cyclops hurls a boulder.
The boulder explodes!
The explosion of boulder fragments engulfs you but does no damage (0).
The cyclops hurls a boulder.
The boulder crushes you (31)!!
You die...

####.....)..# #...........#
#...........# ##########..#
#...........## # #..#
#........CC..#.# #..#
#........C.)..# #..#
#.....[.)††.### #..#
#.........#.### #..#
#.........#.#.##########..#
#.........#@#...........####
#.........#†#...........#...
#.........#.#......)....#...
##........#.#.######.####...
##.....P.#.#.# #.# #...
###.....#.#.# #.# #...
##....#.#.# #.# #...
##...#.#.# #.# ####
##....#.# #.#


You could see 2 cyclopes.

Vanquished Creatures
  Roxanne (D:6)
  2 ogre magi (D:7)
  An unseen horror (D:6)
  2 hydras
  An orc knight (D:7)
  A centaur warrior (D:7)
  2 manticores (D:7)
  3 deep elf magi (D:7)
  A gargoyle (D:7)
  2 ugly things (D:7)
  An efreet (D:7)
  A kobold demonologist (D:7)
  A troll (D:6)
  A komodo dragon (D:7)
  A wraith (D:6)
  A shadow (D:7)
  2 hippogriffs
  4 cyclopes
  A spriggan (D:4)
  21 yaks (D:5)
  2 acid dragons (D:6)
  A hungry ghost (D:5)
  2 slime creatures
  A wolf spider zombie (D:4)
  2 vampire mosquitoes
  3 guardian mummies
  Duvessa (D:2)
  A necrophage (D:5)
  3 water moccasins
  8 scorpions
  4 orc warriors
  3 ice beasts
  A sky beast (D:7)
  A black bear (D:6)
  4 ogres
  A wolf (D:7)
  6 big kobolds
  7 bullfrogs
  3 centaurs (D:5)
  Dowan (D:2)
  5 howler monkeys
  11 killer bees (D:5)
  4 wights (D:5)
  A hornet zombie (D:4)
  A crimson imp (D:4)
  3 orc priests
  6 hounds
  10 jellies
  13 orc wizards
  A gnoll shaman (D:3)
  A hornet simulacrum (D:7)
  2 mummies (D:6)
  3 iguanas
  2 wyvern zombies (D:6)
  A water moccasin zombie (D:6)
  3 worker ants
  5 wyvern skeletons
  4 giant cockroaches
  10 bullfrog zombies
  13 bullfrog skeletons
  9 adders
  7 gnolls (D:3)
  24 sewer rats (D:2)
  7 cinder newts
  2 worms (D:2)
  2 hound zombies (D:5)
  2 worker ant zombies (D:4)
  A hound skeleton (D:3)
  5 oozes
  A howler monkey skeleton (D:5)
  A dart slug (D:3)
  3 leopard geckos
  41 orcs
  4 adder skeletons (D:2)
  8 ball pythons
  5 goblins (D:1)
  2 hobgoblins (D:1)
  6 jackals
  7 quokkas
  A ball python skeleton (D:2)
  6 bats
  2 bat skeletons (D:2)
  A goblin skeleton (D:2)
  37 kobolds
  A leopard gecko skeleton (D:4)
  4 rats (D:1)
  8 withered plants (D:2)
401 creatures vanquished.

Vanquished Creatures (others)
  A kobold (D:2)
  4 fungi (D:5)
  5 plants (D:5)
  79 withered plants (D:2)
89 creatures vanquished.

Grand Total: 490 creatures vanquished

Notes
Turn   | Place    | Note
-------+----------+-------------------------------------------
     0 | D:1      | Chiseanne the Troll Demonspawn began the quest for the Orb.
     0 | D:1      | Reached XP level 1. HP: 18/18 MP: 1/1
    28 | D:1      | Reached skill level 1 in Fighting
    31 | D:1      | Gained mutation: You are immune to rotting. [demonic
                  | ancestry]
    31 | D:1      | Reached XP level 2. HP: 27/27 MP: 2/2
   223 | D:1      | Gained mutation: You are cold resistant. (rC+) [demonic
                  | ancestry]
   223 | D:1      | Reached XP level 3. HP: 33/33 MP: 3/3
   510 | D:2      | Noticed a big kobold
   512 | D:2      | Noticed Dowan
   515 | D:2      | Reached skill level 2 in Fighting
   515 | D:2      | Gained mutation: You are partially covered in icy blue
                  | scales. (AC +2) [demonic ancestry]
   515 | D:2      | Reached XP level 4. HP: 38/42 MP: 4/4
   515 | D:2      | Noticed Duvessa
   537 | D:2      | Killed Dowan
   537 | D:2      | Reached XP level 5. HP: 50/50 MP: 5/5
   566 | D:2      | Killed Duvessa
   566 | D:2      | Reached skill level 3 in Fighting
   566 | D:2      | Reached XP level 6. HP: 26/61 MP: 6/6
   575 | D:2      | Noticed a water moccasin
   581 | D:2      | Killed a water moccasin
   757 | D:2      | Found a bloodstained altar of Trog.
   791 | D:2      | Gained mutation: You have sharp toenails. [demonic
                  | ancestry]
   791 | D:2      | Reached XP level 7. HP: 61/68 MP: 7/7
   968 | D:2      | Reached skill level 4 in Fighting
  1091 | D:2      | Reached skill level 5 in Dodging
  1505 | D:2      | Found a sparkling altar of Nemelex Xobeh.
  1522 | D:2      | Found an ancient bone altar of Kikubaaqudgha.
  1522 | D:2      | Found a shattered altar of Ashenzari.
  1571 | D:2      | Gained mutation: You are immune to freezing clouds.
                  | [demonic ancestry]
  1571 | D:2      | Reached XP level 8. HP: 79/79 MP: 8/8
  1618 | D:2      | Reached skill level 5 in Fighting
  1847 | D:2      | Found a white marble altar of Elyvilon.
  2431 | D:3      | Identified the ring "Ygoema" {*Drain rElec rC- Dex+7
                  | Stlth-}
  2599 | D:3      | Reached skill level 6 in Fighting
  2604 | D:3      | Found a runed translucent door.
  2604 | D:3      | Noticed Nebesus's ghost (novice DrDg)
  2916 | D:3      | Found Ural's Book Boutique.
  3146 | D:4      | Gained mutation: You are mostly covered in icy blue scales.
                  | (AC +3) [demonic ancestry]
  3146 | D:4      | Reached XP level 9. HP: 84/91 MP: 9/9
  3597 | D:4      | Reached skill level 7 in Fighting
  3923 | D:4      | Found a staircase to the Ecumenical Temple.
  3930 | Temple   | Entered the Ecumenical Temple
  3996 | Temple   | Became a worshipper of Uskayaw the Reveler
  4142 | D:4      | Reached * piety under Uskayaw
  4220 | D:4      | Found a glowing golden altar of the Shining One.
  4220 | D:4      | Found an ornate altar of the Wu Jian Council.
  4347 | D:5      | Entered Level 5 of the Dungeon
  4350 | D:5      | Reached ** piety under Uskayaw
  4354 | D:5      | Reached skill level 1 in Unarmed Combat
  4354 | D:5      | Reached *** piety under Uskayaw
  4357 | D:5      | Reached **** piety under Uskayaw
  4360 | D:5      | Reached ***** piety under Uskayaw
  4402 | D:5      | Gained mutation: A meltable icy envelope protects you from
                  | harm. (AC +10) [demonic ancestry]
  4402 | D:5      | Reached XP level 10. HP: 104/104 MP: 10/10
  4466 | D:5      | Reached ****** piety under Uskayaw
  4469 | D:5      | Reached skill level 8 in Fighting
  4605 | D:5      | Reached skill level 5 in Unarmed Combat
  4611 | D:5      | Gained mutation: You have razor-sharp toenails. [demonic
                  | ancestry]
  4611 | D:5      | Reached XP level 11. HP: 90/113 MP: 11/11
  4779 | D:5      | Found a staircase to the Lair.
  4811 | D:5      | Found a burning altar of Makhleb.
  4814 | D:5      | Found an iron altar of Okawaru.
  4827 | D:5      | Found a hazy altar of Hepliaklqana.
  4859 | D:5      | Reached skill level 9 in Fighting
  5178 | D:6      | Noticed a four-headed hydra
  5219 | D:6      | Killed a four-headed hydra
  5219 | D:6      | Reached skill level 1 in Armour
  5280 | D:6      | Found a transporter.
  5291 | D:6      | Identified the cursed +9 buckler of Mioffeogh {+Blink,
                  | (Curse: *Tele)}
  5365 | D:6      | Identified the +1 staff of the Dungeon {reaver, life; rN+
                  | MR+ Dex-2}
  5370 | D:6      | Found a transporter.
  5370 | D:6      | Noticed Nebesus's ghost (journeyman DrDg)
  5460 | D:6      | Identified Roxanne's Papyrus of Flames
  5460 | D:6      | Noticed Roxanne
  5482 | D:6      | Killed Roxanne
  5493 | D:6      | Killed an unseen horror
  5578 | D:6      | Found a staircase to the Orcish Mines.
  5581 | D:6      | Found Koer's Weapon Emporium.
  5615 | D:6      | Bought a +1 heater shield of fire resistance for 174 gold
                  | pieces
  5623 | D:6      | Found Yschep's Armour Emporium.
  5832 | D:6      | Identified the cursed +10 buckler of the New World {Dex+4,
                  | (Curse: *Corrode Int-4)}
  5850 | D:6      | Reached skill level 1 in Shields
  5887 | D:6      | Gained mutation: Your spells are a little harder to cast,
                  | but a little more powerful. [potion of mutation]
  5906 | D:6      | Identified a scroll of acquirement
  6108 | D:7      | Noticed an orc knight
  6123 | D:7      | Gained mutation: You may emit foul miasma when damaged in
                  | melee. [demonic ancestry]
  6123 | D:7      | Reached XP level 12. HP: 70/126 MP: 12/12
  6552 | D:7      | Chiseanne: lol
  6696 | D:7      | Reached skill level 10 in Fighting
  6794 | D:7      | Shot with a boulder by a cyclops

Levels and vault maps discovered:
D:1:      ncdulo_halloftheorcs, layout_rooms
D:2:      layout_sewer, kennysheep_mini, bloody_trog,
          chequers_temple_overflow_statue_of_worship, elyvilon_niche,
          uniq_duvessa
D:3:      layout_cave_pools, first_ration, ebering_ghost_inner_flame,
          serial_shops, nicolae_shop_window_shopping
D:4:      layout_stronghold, gammafunk_temple_overflow_elements,
          minmay_temple_entry_enclosed_plants, the_bakery, enter_ossuary_2,
          ebering_dispersal_statue_hall
D:5:      layout_small_grid, gammafunk_temple_overflow_forgotten,
          dpeg_oklobed_lair
D:6:      ossuary_due_mausoleum, layout_basic, orc_david_3,
          gammafunk_ghost_stat_death, serial_shops, shop, uniq_roxanne
D:7:      giant_chief_lemuel, layout_basic, nicolae_ru_the_path_less_chosen,
          david_vaults_4, serial_shops, shop
Temple:   jpeg_temple_alley_garden

Skill      XL: |  1  2  3  4  5  6  7  8  9 10 11 12 |
---------------+-------------------------------------+-----
Fighting       | 1 2 3 4 6 7 8 9 10 | 10.2
Dodging        | 3 4 5 6 8 9 |  9.7
Unarmed Combat | 1 5 7 |  7.9
Armour         | 3 4 |  4.3
Shields        | 2 3 |  3.5
Axes & Hammers | |  1.5
Stealth        | |  1.0
Spellcasting   | |  1.0
Fire Magic     | |  1.3
Invocations    | |  2.4

Action                   |  1- 3 |  4- 6 |  7- 9 | 10-12 || total
-------------------------+-------+-------+-------+-------++-------
Melee: War axe           |    32 |    49 |   213 |     7 ||   301
       Unarmed           |    17 |    34 |   172 |   456 ||   679
       Kick              |       |       |    50 |   140 ||   190
Invok: Stomp             |       |       |       |     1 ||     1
Evoke: Wand              |       |       |       |    10 ||    10
  Use: Scroll            |       |       |     4 |     5 ||     9
       Potion            |       |       |       |    16 ||    16
 Stab: Sleeping          |       |       |     3 |       ||     3
       Paralysed         |       |       |     4 |    29 ||    33
  Eat: Chunk             |    10 |     3 |    37 |    24 ||    74
Armor: Robe              |    14 |    30 |   100 |    37 ||   181
       Acid dragon scale |       |       |       |   128 ||   128
Dodge: Dodged            |    24 |    39 |   164 |   169 ||   396
Block: Heater shield     |       |       |       |    65 ||    65
